AoeStats
← bpaquereau

Arena

509853790Analyzed
4v4 RM · 4d ago on Sep 28, 2026· 53m 36s· 8 players
Game mode
Random Map
Map size
Large (8 player)
Population
200
Speed
Normal
Resources
Standard
Victory
Conquest
Starting age
Dark Age
Ending age
Imperial Age
RankedLock teamsTeams togetherTeam positionsShared explorationLock speedFull tech treeHidden civsTurbo modeCheats
Victory
Defeat
🇩🇪 Vietnamese · Germany
1148
+13
🇫🇷 Italians · France
1141
+13
🇦🇹 Malians · Austria
1003
+19
🇪🇸 Japanese · Spain
992
+19
🇹🇼 Persians · Taiwan
1119
-18
🇨🇳 Franks · China
1086
-17
🇹🇼 Goths · Taiwan
1081
-16
🇹🇼 Celts · Taiwan
1005
-13
布朗勾勾
2:17 Loom
12:53 Feudal Age
16:50 Castle Age
15:06 Town Watch
15:44 Fletching
18:55 Pikeman
29:50 Horse Collar
31:33 Double-Bit Axe
32:52 Bodkin Arrow
35:31 Murder Holes
36:57 Wheelbarrow
37:28 Squires
37:52 Scale Mail Armor
37:58 Man-at-Arms
38:48 Long Swordsman
41:26 Forging
44:27 Imperial Age
46:09 Chain Mail Armor
49:34 Elite Skirmisher
1627714649
11:13 Feudal Age
12:16 Double-Bit Axe
14:51 Castle Age
15:39 Wheelbarrow
16:50 Bow Saw
22:27 Stone Mining
22:28 Gold Mining
24:52 Gold Shaft Mining
25:08 Hand Cart
29:43 Imperial Age
27:03 Loom
27:38 Scale Barding Armor
27:44 Forging
28:51 Chain Barding Armor
29:06 Iron Casting
29:08 Husbandry
28:29 Light Cavalry
28:39 Pikeman
29:20 Squires
29:05 Arson
30:30 Chivalry
30:50 Conscription
29:54 Cavalier
31:18 Plate Barding Armor
31:44 Blast Furnace
31:16 Scale Mail Armor
31:07 Fletching
30:59 Treadmill Crane
31:04 Paladin
35:33 Chain Mail Armor
35:14 Bodkin Arrow
38:17 Plate Mail Armor
37:43 Bodkin Arrow
37:48 Murder Holes
38:14 Ballistics
38:55 Chemistry
42:45 Halberdier
47:58 Fortified Wall
Copam
10:54 Feudal Age
12:04 Loom
12:06 Town Watch
15:41 Castle Age
14:14 Double-Bit Axe
15:13 Horse Collar
20:56 Wheelbarrow
27:20 Fletching
27:40 Forging
27:31 Padded Archer Armor
32:38 Imperial Age
29:37 Pikeman
30:53 Bodkin Arrow
31:24 Stronghold
36:23 Chemistry
36:02 Ballistics
35:38 Murder Holes
37:59 Gold Mining
37:59 Stone Mining
38:35 Bow Saw
38:08 Heavy Scorpion
41:20 Conscription
42:19 Stone Mining
41:56 Halberdier
42:25 Capped Ram
46:55 Siege Ram
50:54 Gambesons
51:19 Elite Woad Raider
林莫臣
11:32 Feudal Age
15:43 Castle Age
13:31 Double-Bit Axe
13:48 Stone Mining
15:21 Wheelbarrow
14:33 Loom
15:23 Horse Collar
27:30 Stone Shaft Mining
29:21 Loom
32:08 Imperial Age
31:14 Hand Cart
31:05 Scale Barding Armor
31:11 Forging
31:23 Gold Mining
31:35 Heavy Plow
31:46 Bow Saw
33:08 Conscription
33:27 Gold Shaft Mining
33:23 Crop Rotation
34:20 Chemistry
33:42 Chain Barding Armor
33:58 Iron Casting
33:35 Bloodlines
33:25 Husbandry
34:33 Two-Man Saw
34:40 Kamandaran
34:38 Elite War Elephant
35:54 Fletching
35:29 Crossbowman
36:14 Thumb Ring
36:31 Murder Holes
37:55 Thumb Ring
39:01 Plate Barding Armor
39:27 Blast Furnace
38:22 Bodkin Arrow
43:41 Padded Archer Armor
50:44 Cavalier
52:09 Savar
likkus
10:29 Feudal Age
11:03 Loom
11:05 Double-Bit Axe
12:56 Wheelbarrow
17:54 Castle Age
19:06 Hand Cart
21:05 Forging
22:55 Iron Casting
22:42 Horse Collar
30:32 Imperial Age
28:05 Scale Mail Armor
28:45 Heavy Plow
29:15 Murder Holes
29:56 Squires
29:41 Arson
31:18 Chain Mail Armor
31:26 Ballistics
31:49 Bow Saw
31:10 Pikeman
32:22 Halberdier
33:37 Conscription
37:24 Blast Furnace
38:25 Plate Mail Armor
41:16 Two-Man Saw
41:30 Chemistry
40:18 Gambesons
39:54 Man-at-Arms
41:28 Kataparuto
42:04 Fortified Wall
42:21 Town Watch
46:30 Onager
FBM
11:42 Feudal Age
15:55 Castle Age
14:03 Double-Bit Axe
14:18 Horse Collar
17:11 Bow Saw
17:07 Heavy Plow
17:44 Wheelbarrow
22:12 Gold Mining
27:49 Imperial Age
25:20 Fletching
25:31 Padded Archer Armor
25:18 Crossbowman
27:00 Hand Cart
27:11 Bodkin Arrow
28:16 Leather Archer Armor
28:26 Ballistics
28:45 Thumb Ring
29:58 Chemistry
29:33 Bracer
30:53 Arbalester
32:04 Ring Archer Armor
30:57 Elite Skirmisher
37:15 Forging
37:05 Scale Mail Armor
39:06 Iron Casting
39:01 Pikeman
41:13 Chain Mail Armor
41:45 Halberdier
43:37 Plate Mail Armor
45:59 Squires
45:44 Arson
49:27 Paper Money
50:11 Siege Engineers
50:22 Masonry
Bantum
10:11 Feudal Age
11:43 Double-Bit Axe
15:06 Castle Age
13:32 Stone Mining
14:02 Horse Collar
16:05 Loom
19:58 Fletching
20:10 Scale Mail Armor
24:40 Gold Mining
25:06 Bodkin Arrow
28:51 Heavy Plow
30:27 Bow Saw
30:59 Forging
31:05 Chain Mail Armor
34:49 Imperial Age
33:16 Stone Shaft Mining
34:45 Iron Casting
34:35 Pikeman
35:15 Squires
37:04 Plate Mail Armor
39:27 Elite Gbeto
40:28 Conscription
41:22 Hoardings
bpaquereau
10:06 Feudal Age
14:03 Castle Age
12:02 Double-Bit Axe
12:01 Horse Collar
15:03 Bow Saw
20:02 Wheelbarrow
21:17 Heavy Plow
22:32 Gold Mining
22:57 Stone Mining
25:19 Hand Cart
26:42 Stone Shaft Mining
30:08 Imperial Age
28:04 Fletching
28:14 Padded Archer Armor
28:24 Treadmill Crane
29:04 Ballistics
32:00 Chemistry
32:02 Two-Man Saw
30:51 Town Watch
30:52 Loom
31:44 Conscription
30:45 Elite Genoese Crossbowman
32:15 Thumb Ring
32:21 Bodkin Arrow
32:41 Leather Archer Armor
31:57 Pikeman
32:38 Squires
32:23 Arson
33:18 Bracer
34:28 Ring Archer Armor
36:18 Crop Rotation
37:32 Masonry
37:44 Bombard Tower
40:18 Fortified Wall
43:09 Scale Mail Armor
43:20 Forging
44:06 Architecture
43:32 Murder Holes
Connection lost

Rejoining the realm…

Still unreachable

The connection could not be restored.

Session expired

The server has moved on; the page needs a fresh start.